 Dungeon Crawl Stone Soup version 0.14.2 (webtiles) character file.

125 psycho the Chopper (level 4, -1/37 HPs)
             Began as a Minotaur Gladiator on June 2, 2018.
             Succumbed to a goblin's poison
             ... while paralysed by a potion of paralysis
             ... on Level 3 of the Dungeon.
             The game lasted 00:21:52 (2113 turns).

psycho the Chopper (Minotaur Gladiator)             Turns: 2113, Time: 00:21:53

HP  -1/37        AC  6     Str 21      XL: 4   Next:  8%
MP   2/2         EV  2     Int  5      God:
Gold 52          SH  0     Dex 10      Spells:  0 memorised,  3 levels left

rFire  . . .     SeeInvis .     s - -2 dagger (curse)
rCold  . . .     Clarity  .     n - +0 scale mail
rNeg   . . .     Conserve .     j - +0 buckler
rPois  .         rCorr    .     (helmet restricted)
rElec  .         rRot     .     (no cloak)
SustAb . .       Spirit   .     (no gloves)
rMut   .         Warding  .     (no boots)
Saprov . . .     Stasis   .     (no amulet)
MR     .....                    (no ring)
                                (no ring)

@: paralysed, confused, lethally poisoned, not resistant to hostile
enchantments, extremely unstealthy
A: retaliatory headbutt, horns 2
a: no special abilities


You were on level 3 of the Dungeon.
You were not hungry.

You visited 1 branch of the dungeon, and saw 3 of its levels.

You collected 52 gold pieces.

Inventory:

Hand weapons
 a - a +0,+0 war axe
 o - a +0,+0 scimitar
 s - a cursed -2,-2 dagger (weapon)
Missiles
 d - 3 throwing nets (quivered)
Armour
 b - a +0 leather armour
 c - a +0 hat
 i - a +0 robe
 j - a +0 buckler (worn)
 n - a +0 scale mail (worn)
Comestibles
 f - 2 bread rations
 q - 17 strawberries
Scrolls
 e - a scroll of enchant weapon I {unknown}
 g - a scroll of enchant armour {unknown}
 l - a scroll of teleportation {unknown}
 t - a scroll of identify {unknown}
Potions
 h - 2 potions of restore abilities {unknown}
 k - a potion of heal wounds {unknown}
 m - a potion of invisibility {unknown}


   Skills:
 + Level 2.9 Fighting
 + Level 0.2 Long Blades
 + Level 4.3 Axes
 + Level 2.0 Throwing
 + Level 1.2 Armour
 + Level 4.2 Dodging
 + Level 0.3 Stealth
 + Level 0.2 Shields


You had 3 spell levels left.
You didn't know any spells.

Dungeon Overview and Level Annotations

Branches:
Dungeon (3/15)

Altars:
Trog


Innate Abilities, Weirdness & Mutations

You reflexively headbutt those who attack you in melee.
You have a pair of horns on your head.


Message History

* * * LOW HITPOINT WARNING * * *
You are more poisoned.
You barely miss the goblin. You headbutt the goblin.
You kill the goblin!
* * * LOW HITPOINT WARNING * * *
You feel sick.
* * * LOW HITPOINT WARNING * * *
You feel sick.
You see here a dagger of venom.
* * * LOW HITPOINT WARNING * * *
You feel sick.
* * * LOW HITPOINT WARNING * * *
You feel sick.
There is a lethal amount of poison in your body!
You are confused.
It was a potion of confusion.
* * * LOW HITPOINT WARNING * * *
You feel sick.
You suddenly lose the ability to move!
It was a potion of paralysis.
You die...

# ###..## # # #.....#
### .# ..... .. ....
... ########.# #.#
.........# #.#
########.#######)####.#
......................#
########.#######@######
# #.....# #.#
#####.....######.#
..............)..#
#####.(...########
#####.....# ..........#
#####.....# #######


There were no monsters in sight!

Vanquished Creatures
  2 adders
  A worm (D:2)
  An orc (D:3)
  4 giant cockroaches
  8 goblins
  3 hobgoblins
  2 jackals (D:1)
  A quokka (D:2)
  8 bats
  3 giant newts
  5 kobolds
  11 rats
49 creatures vanquished.

Vanquished Creatures (others)
  4 toadstools (D:1)
4 creatures vanquished.

Grand Total: 53 creatures vanquished

Notes
Turn   | Place    | Note
--------------------------------------------------------------
     0 | D:1      | psycho, the Minotaur Gladiator, began the quest for the Orb.
     0 | D:1      | Reached XP level 1. HP: 18/18 MP: 1/1
   168 | D:1      | Reached XP level 2. HP: 23/25 MP: 1/1
   321 | D:1      | Reached skill level 4 in Axes
   819 | D:2      | Reached XP level 3. HP: 13/30 MP: 2/2
  1777 | D:2      | Found a bloodstained altar of Trog.
  2081 | D:3      | Reached skill level 1 in Armour
  2086 | D:3      | Reached XP level 4. HP: 32/37 MP: 2/2
  2112 | D:3      | HP: 1/37 [poisoned by a goblin]
  2113 | D:3      | Paralysed by a potion of paralysis for 3 turns
  2113 | D:3      | Succumbed to a goblin's poison

Action                   |  1- 3 |  4- 6 || total
-------------------------+-------+-------++-------
Melee: War axe           |    45 |       ||    45
       Scimitar          |    39 |       ||    39
       Dagger            |    30 |    11 ||    41
  Use: Potion            |     1 |     2 ||     3
